[Event "World Junior U20 Open 2018"]
[Site "Gebze"]
[Date "2018.09.08"]
[Round "5.82"]
[White "Rajic, Ivan"]
[Black "Zhu, Yi"]
[Result "0-1"]
[ECO "C60"]
[WhiteElo "2021"]
[BlackElo "2335"]
[Annotator "NA"]
[PlyCount "71"]
[EventDate "2018.09.05"]
[EventType "swiss"]
[EventCountry "TUR"]
[SourceTitle "playchess.com"]
[Source "ChessBase"]
[SourceQuality "1"]
[TimeControl "40/5400+30:1800+30"]

1. e4 e5 2. Nf3 Nc6 3. Bb5 Qf6 4. O-O a6 {[%emt 0:02:30] C60: Ruy Lopez: Unusual Black 3rd moves and 3...g6} 5. Ba4 Bc5 6. c3 (6. Nc3 Nge7 7. Nd5 Qd6 8. c3 Nxd5 9. exd5 Qxd5 10. d4 exd4 11. Re1+ Be7 12. Bg5 f6 13. Bf4 {1-0 (39) Iordachescu,V (2644)-Saidov,B (2389) Tashkent 2012}) 6... Nge7 7. Re1 b5 8. Bc2 d6 9. d4 Bb6 10. d5 $146 ({Predecessor:} 10. Bg5 Qg6 11. Bxe7 Kxe7 12. Nh4 Qf6 13. Nf5+ Kf8 14. d5 Bxf5 15. dxc6 Bxf2+ {0-1 (23) Shchukin,M (1820)-Polosin,E (2034) St Petersburg 2015}) 10... Nd8 11. Bg5 Qg6 12. Bxe7 Kxe7 13. Nbd2 h5 14. Nh4 Qf6 15. Nf5+ Kf8 16. a4 Rb8 17. axb5 axb5 18. Qf3 g5 19. b4 g4 20. Qg3 Qg5 21. Nf3 Qf4 22. Qxf4 exf4 23. N3d4 h4 24. Kf1 Bxf5 25. Nxf5 f6 $16 26. Bd3 Nf7 27. Nd4 Ne5 28. Ne6+ Kf7 29. Nxf4 g3 30. fxg3 hxg3 31. h3 Rh4 32. Ne2 Nxd3 33. Nxg3 Rf4+ 34. Ke2 Nxe1 35. Rxe1 Rg8 36. Ra1 0-1